 Dungeon Crawl Stone Soup version 0.28.0 (webtiles) character file.

Game seed: 4341877324071701148

237 Jerry the Chucker (level 5, 0/52 HPs)
             Began as a Troll Hunter on Feb 10, 2022.
             Succumbed to a scorpion's poison
             ... on level 4 of the Dungeon.
             The game lasted 00:14:21 (3116 turns).

Jerry the Chucker (Troll Hunter)                    Turns: 3116, Time: 00:14:21

Health: 0/52       AC:  4    Str: 22    XL:     5   Next: 77%
Magic:  4/4        EV: 10    Int:  7    God:
Gold:   131        SH:  0    Dex: 10    Spells: 4/4 levels left

rFire   + . .      SeeInvis .   o - +0 whip
rCold   . . .      Faith    .   (no shield)
rNeg    . . .      Spirit   .   b - +0 robe
rPois   .          Reflect  .   (helmet restricted)
rElec   .          Harm     .   (no cloak)
rCorr   .          Rampage  .   (gloves unavailable)
Will    .....                   (boots unavailable)
Stlth   +.........              (no amulet)
HPRegen 0.97/turn               k - ring of protection from fire
MPRegen 0.09/turn               (no ring)

@: brilliant, lethally poisoned (0 -> -3), attractive, hasted, very quick
A: large, unfitting armour, claws 3, regeneration 1, shaggy fur 1, tough skin 1
a: no special abilities


You were on level 4 of the Dungeon.
You visited 1 branch of the dungeon, and saw 4 of its levels.

You collected 131 gold pieces.

Inventory:

Hand Weapons
 o - a +0 whip (weapon)
Missiles
 c - 3 large rocks
 d - 2 throwing nets
 f - 7 poisoned darts
 j - 5 atropa-tipped darts (quivered)
Armour
 b - a +0 robe (worn)
Jewellery
 k - a ring of protection from fire (left claw)
Scrolls
 a - a scroll of identify {unknown}
 g - 2 scrolls of teleportation
 m - a scroll of noise {unknown}
Potions
 i - 2 potions of haste


   Skills:
 + Level 2.8 Fighting
 + Level 2.3 Maces & Flails
 + Level 4.5 Throwing
 + Level 2.8 Dodging
 - Level 0.3 Stealth


You had 4 spell levels left.
You didn't know any spells.
Your spell library contained the following spells:

 Spells                   Type           Power      Damage    Failure   Level
 Sting                    Tmut/Pois      0%         1d3       43%         1
 Poisonous Vapours        Pois/Air       0%         N/A       56%         2
 Scorch                   Fire           0%         2d5       56%         2
 Flame Wave               Conj/Fire      0%         2d4       99%         4
 Olgreb's Toxic Radiance  Pois           0%         N/A       99%         4
 Summon Cactus Giant      Summ           0%         N/A       100%        6


Dungeon Overview and Level Annotations

Branches:
Dungeon (4/15)
 Temple: D:4-7

Altars:

Shops:
D:2 ?=([

Annotations:
D:4 3 runed translucent doors, Edmund; Iidacon's ghost, amateur TeBe


Innate Abilities, Weirdness & Mutations

You are too large for most types of armour.
You have claws for hands.
Your natural rate of healing is unusually fast.
You are covered in fur. (AC +1)
You have tough skin. (AC +1)


Message History

* * * LOW HITPOINT WARNING * * *
You feel very sick.
It was a potion of heal wounds.
You feel much better.
You feel sick. The scorpion stings you.
You hit the scorpion but do no damage.
The scorpion is severely wounded.
You feel sick. The scorpion stings you.
You hit the scorpion but do no damage.
The scorpion is severely wounded.
You feel sick.
You hit the scorpion.
The scorpion is severely wounded.
You feel sick. The scorpion closely misses you.
You closely miss the scorpion.
The scorpion is severely wounded.
You feel sick. The scorpion barely misses you.
You closely miss the scorpion.
The scorpion is severely wounded.
You feel sick. The scorpion stings you.
You are more poisoned.
The scorpion poisons you!
You hit the scorpion but do no damage. You claw the scorpion.
The scorpion is almost dead.
You feel very sick.
You closely miss the scorpion.
The scorpion is almost dead.
You feel sick. The scorpion stings you!
* * * LOW HITPOINT WARNING * * *
You hit the scorpion.
The scorpion is almost dead.
* * * LOW HITPOINT WARNING * * *
You feel very sick. The scorpion completely misses you.
It was a potion of brilliance.
You feel clever all of a sudden.
* * * LOW HITPOINT WARNING * * *
You feel sick. The scorpion barely misses you.
It was a potion of attraction.
You feel attractive to monsters.
You die...

#.....'...#
##...##..########
#######..##.....#
#...............#
#........†......#
##...##..###....#
###'#############
#.>........#
#..@.......#
#..s.......#
#[.........#
#..........#
#.#+##....##
#...#######
..#......###
.............#
.............#


You could see a scorpion.

Vanquished Creatures
  Sigmund (D:3)
  3 adders
  A dart slug (D:2)
  An orc (D:4)
  5 endoplasms
  2 giant cockroaches
  4 goblins
  3 hobgoblins (D:2)
  3 jackals (D:2)
  5 quokkas
  4 ball pythons (D:1)
  9 bats
  3 frilled lizards
  5 kobolds
  A rat (D:1)
50 creatures vanquished.

Notes
Turn   | Place    | Note
-------+----------+-------------------------------------------
     0 | D:1      | Jerry the Troll Hunter began the quest for the Orb.
     0 | D:1      | Reached XP level 1. HP: 19/19 MP: 0/0
   297 | D:1      | Reached XP level 2. HP: 25/28 MP: 1/1
   565 | D:1      | Found a faded altar of an unknown god.
   668 | D:2      | Reached XP level 3. HP: 35/35 MP: 2/2
   670 | D:2      | Found Sumobly's Antique Weapon Boutique.
   740 | D:2      | Reached skill level 1 in Maces & Flails
   789 | D:2      | Found Kafeaz's Magic Scroll Boutique.
  1085 | D:2      | Found Rupnuos's Armour Emporium.
  1267 | D:2      | Reached skill level 4 in Throwing
  1325 | D:2      | Found Usumni's Jewellery Boutique.
  1824 | D:3      | Reached XP level 4. HP: 25/42 MP: 3/3
  1879 | D:3      | Noticed Sigmund
  2457 | D:3      | Killed Sigmund
  2458 | D:3      | Reached XP level 5. HP: 52/52 MP: 4/4
  2945 | D:4      | Noticed Edmund
  3001 | D:4      | Found a runed translucent gate.
  3001 | D:4      | Found a runed translucent gate.
  3001 | D:4      | Found a runed translucent gate.
  3003 | D:4      | Noticed Iidacon's ghost (amateur TeBe)
  3005 | D:4      | Noticed a steam dragon
  3105 | D:4      | HP: 1/52 [poisoned by a scorpion]
  3114 | D:4      | HP: 2/52 [poisoned by a scorpion]
  3116 | D:4      | Succumbed to a scorpion's poison

Illustrated notes

Levels and vault maps discovered:
D:1:      lordsloth_arrival_two_stooges, layout_loops_cross,
          dreamdust_ecumenical_altar_angels_and_demons
D:2:      layout_basic, serial_shops, nicolae_shop_behind_doors,
          nicolae_shop_behind_doors, shop, nicolae_shop_statue_plus
D:3:      layout_basic, serial_co_window_serial, co_window_corner_a,
          co_window_corner_a, co_window_corner_a, co_window_of_opportunity_a,
          co_window_paths_a, co_window_cross_2, co_window_corner_ca,
          co_window_2corner, co_window_broadway_b, co_window_broadway_b,
          co_window_of_opportunity_b, glass_columns_a, glass_columns_c,
          glass_columns_b, glass_columns_a, glass_columns_b, uniq_sigmund
D:4:      layout_gridville, gammafunk_ghost_split, chequers_decorated_corner,
          uniq_edmund

Skill      XL: |  1  2  3  4 |
---------------+-------------+-----
Fighting       | 2 |  2.8
Dodging        | 2 |  2.8
Maces & Flails | 1 2 |  2.3
Throwing       | 4 |  4.5
Stealth        | |  0.3

Action                   |  1- 3 |  4- 6 || total
-------------------------+-------+-------++-------
Melee: Short sword       |    87 |       ||    87
       Club              |    69 |       ||    69
       Whip              |    23 |    54 ||    77
       Punch             |     2 |     3 ||     5
Throw: Dart              |       |    12 ||    12
       Large rock        |       |     9 ||     9
  Use: Scroll            |     3 |       ||     3
       Potion            |       |     4 ||     4
 Stab: Sleeping          |     2 |     1 ||     3
Armor: Robe              |   117 |    16 ||   133
Dodge: Dodged            |   149 |    40 ||   189
